 Dungeon Crawl Stone Soup version 0.28-a0-1395-g4f6bc678fa (webtiles) character file.

Game seed: 8981996162212303326

3569 wakim the Fighter (level 10, -11/72 HPs)
             Began as an Octopode Transmuter on Jan 5, 2022.
             Was an Initiate of Yredelemnul.
             Mangled by a swamp worm (25 damage)
             ... on level 9 of the Dungeon.
             The game lasted 00:34:49 (10327 turns).

wakim the Fighter (Octopode Transmuter)            Turns: 10327, Time: 00:34:50

Health: -11/72     AC:  2    Str: 11    XL:     10   Next: 9%
Magic:  12/13      EV: 19    Int: 19    God:    Yredelemnul [......]
Gold:   449        SH:  0    Dex: 17    Spells: 5/13 levels left

rFire   . . .      SeeInvis .     - Unarmed
rCold   . . .      Faith    .   (shield currently unavailable)
rNeg    . . .      Spirit   .   (helmet currently unavailable)
rPois   .          Reflect  .   (no amulet)
rElec   .          Harm     .   V - ring of resist corrosion
rCorr   +          Rampage  .   P - ring of wizardry
Will    .....                   U - ring of poison resistance
Stlth   ++........              (no ring)
HPRegen 0.22/turn               (no ring)
MPRegen 0.13/turn               (no ring)
                                (no ring)
                                (no ring)

@: spider-form
A: venomous fangs, almost no armour, (amphibious), 8 rings, tiny, (camouflage
1), (gelatinous body 1), (nimble swimmer 1), (tentacles)
a: End Transformation, Renounce Religion, Recall Undead Harvest


You were on level 9 of the Dungeon.
You worshipped Yredelemnul.
Yredelemnul was noncommittal.
You were a venomous arachnid creature.
You visited 2 branches of the dungeon, and saw 10 of its levels.
You also visited: Bailey.

You collected 449 gold pieces.

Inventory:

Hand Weapons
 a - the +7 Throatcutter (melded) {drain, coup de grace}
   (You took it off Terence on level 2 of the Dungeon)

   A truly terrible weapon, it drains the life of any living foe it strikes.
   It may instantly kill foes which have little health.
 H - the +6 dagger of Imbalance {drain, rElec Str+5 Int+4 Dex-2}
   (You found it on level 3 of the Dungeon)

   A truly terrible weapon, it drains the life of any living foe it strikes.
   Str:       It affects your strength (+5).
   Int:       It affects your intelligence (+4).
   Dex:       It affects your dexterity (-2).
   rElec:     It insulates you from electricity.
Missiles
 e - 51 sling bullets
 N - a curare-tipped dart {=f}
Armour
 Y - a +2 hat (melded)
 Z - a +0 buckler (melded)
Jewellery
 P - a ring of wizardry (right front leg)
 U - a ring of poison resistance (on tentacle)
 V - a ring of resist corrosion (left front leg)
Wands
 t - a wand of digging (3)
 u - a wand of mindburst (12)
 v - a wand of flame (26)
 y - a wand of paralysis (14)
 z - a wand of polymorph (7)
Scrolls
 I - a scroll of enchant weapon
 Q - a scroll of enchant armour {unknown}
 R - a scroll of magic mapping {unknown}
 T - 2 scrolls of teleportation
 W - a scroll of amnesia
 X - a scroll of fog
Potions
 c - a potion of might {unknown}
 A - 2 potions of ambrosia
 B - 2 potions of attraction {!q}
 C - a potion of resistance {unknown}
 D - 2 potions of invisibility {unknown}
 E - a potion of brilliance {unknown}
 F - 3 potions of curing
 J - 3 potions of heal wounds
 L - 3 potions of lignification {!q}
 M - a potion of flight {unknown}
 O - a potion of magic {unknown}
 S - a potion of mutation {unknown}


   Skills:
 + Level 8.0 Fighting
 - Level 3.0 Long Blades
 - Level 2.4 Dodging
 - Level 3.0 Stealth
 - Level 4.0 Shields
 + Level 5.4 Unarmed Combat
 - Level 2.0 Spellcasting
 - Level 6.5 Transmutations
 - Level 4.0 Ice Magic
 - Level 2.0 Poison Magic
 - Level 3.0 Invocations
 - Level 3.0 Evocations


You had 5 spell levels left.
You knew the following spells:

 Your Spells              Type           Power      Damage    Failure   Level
a - Beastly Appendage     Tmut           52%        N/A       2%          1
c - Ice Form              Ice/Tmut       21%        N/A       16%         4
x - Spider Form           Tmut/Pois      18%        N/A       9%          3

Your spell library contained the following spells:

 Spells                   Type           Power      Damage    Failure   Level
 Wereblood                Tmut           26%        N/A       3%          2
 Slow                     Hex            4%         N/A       16%         1
 Confusing Touch          Hex            1%         N/A       34%         3
 Dazzling Flash           Conj/Hex       2%         N/A       34%         3
 Vampiric Draining        Necr           1%         2d6       34%         3
 Iskenderun's Mystic Bla  Conj/Tloc      1%         2d3       69%         4
 Starburst                Conj/Fire      0%         6d3       100%        6


Dungeon Overview and Level Annotations

Branches:
Dungeon (9/15)             Temple (1/1) D:5          Bailey (visited)
   Lair: D:8-11         Orc: D:9-12

Altars:
Dithmenos
Kikubaaqudgha
Makhleb
Qazlal
Yredelemnul

Shops:
D:1 :

Annotations:
D:2 1 runed translucent door, Crazy Yiuf
D:5 3 runed translucent doors, Duvessa; esteth's ghost, novice HuCj


Innate Abilities, Weirdness & Mutations

You are a venomous arachnid creature.
You have poisonous fangs.
You are tiny and dextrous.
Your spellcasting is less reliable in this form.
Your armour is entirely melded.
You are incapable of wielding weapons or throwing items.
You cannot wear most types of armour.
((You are amphibious.))
You can wear up to eight rings at the same time.
((Your skin changes colour to match your surroundings (Stealth+).))
((Your rubbery body absorbs attacks. (AC +1, EV +1)))
((You are camouflaged when in or above water. (Stealth+)))
((You have tentacles for arms and can constrict up to eight enemies at once.))


Message History

The swamp worm is almost dead.
The swamp worm misses you.
You bite the swamp worm!
You kill the swamp worm!
Your Fighting skill increases to level 8!
You hit the swamp worm.
The swamp worm is poisoned.
The swamp worm is lightly wounded.
The swamp worm closely misses you.
You closely miss the swamp worm.
The swamp worm is lightly wounded.
The swamp worm closely misses you.
You hit the swamp worm.
The swamp worm looks as sick as possible!
The swamp worm is lightly wounded.
The swamp worm misses you.
You bite the swamp worm!
The swamp worm looks as sick as possible!
The swamp worm is heavily wounded.
The swamp worm bites you!
You barely miss the swamp worm.
The swamp worm is heavily wounded.
The swamp worm bites you!
* * * LOW HITPOINT WARNING * * *
You barely miss the swamp worm.
The swamp worm is heavily wounded.
The swamp worm bites you!
* * * LOW HITPOINT WARNING * * *
You hit the swamp worm.
The swamp worm looks as sick as possible!
The swamp worm is severely wounded.
The swamp worm completely misses you.
You barely miss the swamp worm.
The swamp worm is severely wounded.
The swamp worm barely misses you.
You bite the swamp worm!
The swamp worm looks as sick as possible!
The swamp worm is almost dead.
The swamp worm bites you!!
You die...
Your body rises from the dead as a mindless zombie.

.# #.## ###.## ## #..#
#..# #######'## ##.#
#........# ###.####### ##
#####........# #.........#
.###...'........#
#####.........#
.'...###.....)..#
#[.w.w........# .#####
#(.......###.###.........#
.# #....)...sww.#
#..>......# .#
#........##### #..........
.# #####'#### #..........
## #...# ########.#.
####'##### #..#. ###
#....)...# #.### ..#
#........# .. # ..###
#........# ###
..'.###........#


You could see 2 swamp worms.

Vanquished Creatures
  Maggie (D:6)
  Grinder (D:6)
  Sigmund (D:6)
  A steam dragon (D:7)
  A swamp worm (D:9)
  An acid dragon (D:7)
  Edmund (D:6)
  A water moccasin (D:8)
  3 ice beasts
  An orc warrior (D:8)
  4 ogres
  A black bear (D:5)
  2 centaurs
  A kobold brigand (D:9)
  Blork the orc (D:5)
  A bullfrog (D:9)
  A wyvern zombie (D:6)
  3 scorpions
  A water moccasin zombie (D:7)
  2 howler monkeys (D:5)
  2 centaur zombies
  2 bullfrog zombies (D:6)
  A hound (D:6)
  2 orc priests
  2 centaur skeletons
  2 jellies
  Ijyb (D:5)
  Natasha (thrice) (D:2)
  4 iguanas
  An orc wizard (D:7)
  Terence (D:2)
  A hound zombie (D:5)
  5 adders
  2 white imps
  An ufetubus (D:5)
  2 worms
  3 dart slugs
  14 orcs
  4 bat zombies (D:6)
  6 endoplasms
  2 giant cockroaches
  9 hobgoblins
  A quokka (D:2)
  7 ball pythons
  5 bats
  13 goblins
  13 kobolds
  3 rats
141 creatures vanquished.

Vanquished Creatures (collateral kills)
  An ogre (D:7)
  A hound (D:7)
  3 orcs
5 creatures vanquished.

Vanquished Creatures (others)
  A scorpion zombie (D:6)
  A spectral jelly (D:8)
  A human zombie (D:6)
  A goblin zombie (D:8)
  2 kobold zombies
  An orc zombie (D:8)
  5 fungi (D:2)
  3 plants (D:9)
15 creatures vanquished.

Grand Total: 161 creatures vanquished

Notes
Turn   | Place    | Note
-------+----------+-------------------------------------------
     0 | D:1      | wakim the Octopode Transmuter began the quest for the Orb.
     0 | D:1      | Reached XP level 1. HP: 13/13 MP: 3/3
   157 | D:1      | Reached XP level 2. HP: 18/18 MP: 1/5
   316 | D:1      | Found a faded altar of an unknown god.
   420 | D:1      | Found Jeteckyt's Book Boutique.
  1016 | D:1      | Reached XP level 3. HP: 24/24 MP: 4/6
  1049 | D:1      | Learned a level 3 spell: Spider Form
  1138 | D:2      | Noticed Natasha
  1457 | D:2      | !bestwep
  1679 | D:2      | Noticed Terence
  1696 | D:2      | !bestwep
  1709 | D:2      | Killed Terence
  1710 | D:2      | Reached skill level 1 in Poison Magic
  1710 | D:2      | Reached XP level 4. HP: 12/29 MP: 4/7
  1892 | D:2      | !bestwep
  2177 | D:2      | Killed Natasha
  2393 | D:2      | Found a runed translucent door.
  2394 | D:2      | Noticed Crazy Yiuf
  2464 | D:2      | Noticed Natasha
  2471 | D:2      | Killed Natasha
  2645 | D:2      | Noticed Natasha
  2650 | D:2      | Killed Natasha
  2651 | D:2      | Reached XP level 5. HP: 33/34 MP: 8/8
  3057 | D:3      | Identified the +6 dagger of Imbalance {drain, rElec Str+5
                  | Int+4 Dex-2}
  3059 | D:3      | !bestwep
  3382 | D:4      | Reached skill level 2 in Fighting
  3382 | D:4      | Reached skill level 1 in Stealth
  3461 | D:4      | Noticed an ogre
  3537 | D:4      | Killed an ogre
  3538 | D:4      | Reached skill level 1 in Long Blades
  3538 | D:4      | Reached XP level 6. HP: 41/41 MP: 6/9
  3661 | D:4      | Found a shadowy altar of Dithmenos.
  3687 | D:4      | Reached skill level 3 in Fighting
  3915 | D:4      | Reached XP level 7. HP: 47/47 MP: 6/10
  3920 | D:4      | Learned a level 4 spell: Ice Form
  3965 | D:4      | !bestwep
  4380 | D:4      | Found a burning altar of Makhleb.
  4416 | D:5      | Entered Level 5 of the Dungeon
  4428 | D:5      | Reached skill level 4 in Fighting
  4428 | D:5      | Reached skill level 1 in Evocations
  5369 | D:5      | Noticed Ijyb
  5422 | D:5      | Killed Ijyb
  5423 | D:5      | Reached XP level 8. HP: 15/54 MP: 11/11
  5791 | D:5      | Found a basalt altar of Yredelemnul.
  5797 | D:5      | Became a worshipper of Yredelemnul the Dark
  5809 | D:5      | !bestwep
  5817 | D:5      | Reached skill level 5 in Fighting
  5901 | D:5      | Reached skill level 5 in Transmutations
  6257 | D:5      | Noticed Blork the orc
  6260 | D:5      | Found a staircase to the Ecumenical Temple.
  6266 | D:5      | Killed Blork the orc
  6274 | Temple   | Entered the Ecumenical Temple
  6423 | D:5      | Noticed Duvessa
  6434 | D:5      | Found a runed translucent gate.
  6434 | D:5      | Found a runed translucent gate.
  6434 | D:5      | Found a runed translucent gate.
  6435 | D:5      | Noticed esteth's ghost (novice HuCj)
  6611 | D:6      | Noticed Maggie
  6656 | D:6      | Reached skill level 1 in Ice Magic
  6713 | D:6      | Noticed Edmund
  6721 | D:6      | Killed Edmund
  6866 | D:6      | Noticed Sigmund
  6872 | D:6      | Killed Sigmund
  6872 | D:6      | Reached * piety under Yredelemnul
  6873 | D:6      | Reached skill level 6 in Fighting
  6905 | D:6      | Found a stormy altar of Qazlal.
  7062 | D:6      | Reached XP level 9. HP: 52/62 MP: 12/12
  7089 | D:6      | Reached skill level 1 in Invocations
  7097 | D:6      | Noticed Grinder
  7113 | D:6      | Your ally Sigmund died
  7314 | D:6      | Found an ancient bone altar of Kikubaaqudgha.
  7426 | D:6      | Killed Grinder
  7564 | D:6      | Killed Maggie
  7565 | D:6      | Reached skill level 7 in Fighting
  8335 | D:7      | Reached ** piety under Yredelemnul
  8336 | D:7      | Reached skill level 1 in Shields
  8642 | D:8      | Noticed a five-headed hydra
  8923 | D:8      | Found a flagged portal.
  8933 | Bailey   | Entered a bailey
  9052 | Bailey   | Reached skill level 5 in Unarmed Combat
  9438 | D:8      | Reached XP level 10. HP: 64/72 MP: 13/13
 10319 | D:9      | Reached skill level 8 in Fighting
 10327 | D:9      | Mangled by a swamp worm

Illustrated notes ... #.#####.#.#.# #.#.###.....#.#.#.# #.#......##.#.#.#.# #.#..###.#......#.# #.#..###.####.###.# #.#.......# #.....# #.##.###### ####### #.##.# #.@..# ####.# ### Turn 1457 on D:2: !bestwep #............# #....... #.....@......# #....... #[.....g.....# #....... #............# ###..... #............######..... #######'#............... #.#.##........#### #.#.##........# #@#...........# #.#######.##### #...# #.# ##### ###.# #.####.... ####.## #......... #.....# #......... #.....####......... #.................. #####.................. Turn 1696 on D:2: !bestwep

#............# ###......#
#............######......#
#######'#................#
#†#.##........######
#.#.##........#
#.#...........#
#.#######.##### #...# #.#
####### ###@# #.####.....#
####.## #..........#
#.....# #..........#
#.....####..........#
#....................
#####....................
#...........#............
#.###.....#.#............
#.# #.......#............


Turn 1892 on D:2: !bestwep ..#....# ##.###.....## #.# ..#.#### #.# ###..## #.#
....# #.# #..# #.# ....# #.#####..### #.# ....# ...........#########.# ##..#
#.##..............# #..# #. ##.#......###### #.|# .#####.###.#............
.......@...#......###### .#####......#....## #######.##### #.# #>. #### Turn
3059 on D:3: !bestwep #.##. ..##.##.####...#.# #..#..#..#..#..#...###.# ##.##
...##.##...### .# .#..# #.#...#.### .. ###.####...##### #. #..#...###.#S. ..
##...###...##.## #. ####.###...#..#..# #..#.#...# #.##@## . #.##...# ..#..# #..
#.###.## #.##.####...# #.# #..# #..#..#...# #.# ##.## ##.##...# #.## #..#
###.....### ...# ##.####...##### #..####..#...###.# #.....##...### #.# Turn 3965
on D:4: !bestwep #..P.P.# ###. #..._..# #... #..P.P.# #.## #......# #.# .
#.##.#.# #.# ... #.##.#.# #.# h...#######.##.#.# #.# ............##.#.. #.#
.......@.......# #. #.# .....########### #. #.# ... #Y##.## # #......
#####..#.#. .........#. ###############. #............... #.############## Turn
5809 on D:5: !bestwep

Levels and vault maps discovered:
D:1:      shiori_arrival_oz, layout_loops_ring, serial_shops, shop_statue,
          shapermc_ecumenical_altar_petra, minmay_misc_feat_chi,
          minmay_pentomino_r2
D:2:      layout_basic, nicolae_concentric_dashed_squares_mild,
          uniq_crazy_yiuf_cottage, uniq_natasha, uniq_terence
D:3:      layout_loops_ring
D:4:      minmay_skewed_foursquare, layout_loops_ring, kennysheep_mini,
          old_standard_altar
D:5:      layout_basic, yredelemnul_altar_generic, temple_hall,
          ebering_ghost_rock_garden, serial_curves, eino_curves_02,
          eino_curves_04, uniq_ijyb, uniq_duvessa, uniq_blork_the_orc
D:6:      layout_basic, lemuel_zombie_altar_kikubaaqudgha, kennysheep_mini_moat,
          uniq_sigmund, uniq_edmund, uniq_grinder, uniq_maggie
D:7:      layout_cave_pools, hangedman_abyss_or_decor_stagger
D:8:      layout_rooms, enter_bailey_3
D:9:      layout_roguey, minmay_misc_feat_four_crosses, worms_lemuel
Temple:   regret_index_temple_generic_petals

Skill      XL: |  1  2  3  4  5  6  7  8  9 10 |
---------------+-------------------------------+-----
Poison Magic   | 1 2 |  2.0
Transmutations | 3 4 6 |  6.5
Unarmed Combat | 4 5 |  5.4
Fighting       | 2 3 4 6 7 8 |  8.0
Stealth        | 3 |  3.0
Long Blades    | 1 3 |  3.0
Evocations     | 3 |  3.0
Ice Magic      | 3 4 |  4.0
Invocations    | 3 |  3.0
Shields        | 3 4 |  4.0
Dodging        | |  2.4
Spellcasting   | |  2.0

Action                   |  1- 3 |  4- 6 |  7- 9 | 10-12 || total
-------------------------+-------+-------+-------+-------++-------
Melee: Unarmed           |    55 |     5 |    31 |    17 ||   108
       Constrict         |    19 |    14 |    26 |     4 ||    63
       Kick              |     8 |       |       |       ||     8
       Tentacles         |     6 |     8 |    16 |     3 ||    33
       Punch             |     2 |     1 |     4 |       ||     7
       Rapier            |     4 |       |       |       ||     4
       Long sword        |       |    58 |   134 |    13 ||   205
 Cast: Beastly Appendage |     9 |       |       |       ||     9
       Spider Form       |     1 |     2 |     7 |     1 ||    11
       Ice Form          |       |       |       |     1 ||     1
Invok: Dark Bargain      |       |       |     2 |       ||     2
Evoke: Wand              |     3 |       |     3 |     1 ||     7
  Use: Scroll            |       |     5 |     9 |       ||    14
 Stab: Sleeping          |       |     7 |    14 |       ||    21
       Distracted        |       |       |     2 |       ||     2
       Paralysed         |       |       |     4 |       ||     4
Armor: Skin              |     4 |     4 |    23 |     6 ||    37
Dodge: Dodged            |    36 |    31 |   136 |    17 ||   220
Block: Buckler           |       |       |     4 |     3 ||     7

Table legend: (Time is in decaauts)
 A = Elapsed time spent in this place.
 B = Non-inter-level travel time spent in this place.
 C = Inter-level travel time spent in this place.
 D = Time resting spent in this place.
 E = Time spent auto-exploring this place.
 F = Levels seen in this place.
 G = Mean time per level.
                   A        B        C        D        E       F      G
               +--------+--------+--------+--------+--------+-----+--------+
         Total |  10390 |   9700 |    690 |   1604 |   4399 |  11 |  944.5 |
       Dungeon |  10125 |   9435 |    690 |   1392 |   4399 |   9 | 1125.0 |
        Temple |    105 |    105 |      0 |    104 |      0 |   1 |  105.0 |
        Bailey |    159 |    159 |      0 |    108 |      0 |   1 |  159.0 |
               +--------+--------+--------+--------+--------+-----+--------+

Top non-repeatable levels by time:
     D:5: 1919 daAuts
     D:2: 1557 daAuts
     D:6: 1363 daAuts
     D:4: 1298 daAuts
     D:1: 1168 daAuts
     D:7: 925 daAuts
     D:8: 773 daAuts
     D:3: 631 daAuts
     D:9: 486 daAuts
  Bailey: 159 daAuts
  Temple: 105 daAuts
